 Dungeon Crawl Stone Soup version 0.31-a0-198-g2ad674f65e (webtiles) character file.

Game seed: 5553583756556730202

22 MacCMillion the Caller (level 2, 15/15 HPs)
             Began as a Tengu Summoner on June 25, 2023.
             Quit the game on level 1 of the Dungeon.
             The game lasted 00:01:32 (587 turns).

MacCMillion the Caller (Tengu Summoner)              Turns: 587, Time: 00:01:33

Health: 15/15      AC:  3    Str:  8    XL:     2   Next: 91%
Magic:  4/6        EV: 12    Int: 15    God:
Gold:   37         SH:  0    Dex: 14    Spells: 5/6 levels left

rFire   . . .        d - +0 dagger
rCold   . . .        (no shield)
rNeg    . . .        a - +0 robe
rPois   .            (helmet restricted)
rElec   .            (no cloak)
rCorr   .            c - +0 pair of gloves
SInv    .            (boots unavailable)
Will    .....        (no amulet)
Stlth   ++           (no ring)
HPRegen 0.22/turn    (no ring)
MPRegen 0.10/turn

%: no passive effects
@: no status effects
A: beak, talons 3
a: no special abilities


You were on level 1 of the Dungeon.
You visited 1 branch of the dungeon, and saw 1 of its levels.

You collected 37 gold pieces.

Inventory:

Hand Weapons
 d - a +0 dagger (weapon)
Armour
 a - a +0 robe (worn)
 c - a +0 pair of gloves (worn)
Scrolls
 f - a scroll of revelation {unknown}
 g - a scroll of torment {unknown}
Potions
 b - a potion of magic
 e - a potion of attraction {unknown}


   Skills:
 - Level 2.1 Dodging
 - Level 2.0 Stealth
 + Level 2.6 Spellcasting
 + Level 5.3 Summonings


You had 5 spell levels left.
You knew the following spells:

 Your Spells              Type           Power      Damage    Failure   Level
a - Summon Small Mammal   Summ           72%        N/A       2%          1

Your spell library contained the following spells:

 Spells                   Type           Power      Damage    Failure   Level
 Call Imp                 Summ           36%        N/A       3%          2
 Call Canine Familiar     Summ           18%        N/A       7%          3
 Summon Guardian Golem    Hex/Summ       10%        N/A       21%         3
 Summon Lightning Spire   Summ/Air       10%        N/A       56%         4


Dungeon Overview and Level Annotations

Branches:
Dungeon (1/15)

Altars:


Innate Abilities, Weirdness & Mutations

You have a beak for a mouth.
You have claws for feet.


Message History

A bat comes into view.
A goblin comes into view. It is wielding a +0 dagger.
Your bat misses the kobold.
Your bat closely misses the kobold.
Your quokka bites the kobold.
The kobold barely misses your quokka. The bat hits your quokka.
Your bat closely misses the kobold.
The bat hits your quokka but does no damage.
Your quokka bites the kobold.
The kobold dies!
The goblin barely misses your quokka. The bat hits your bat.
Your quokka closely misses the goblin.
Your bat misses the bat. Your bat misses the goblin.
Your quokka barely misses the bat.
The bat hits your quokka.
Your bat barely misses the bat.
The bat hits your quokka but does no damage.
The bat closely misses your quokka. The goblin barely misses you.
Your quokka bites the bat.
You barely miss the goblin. You claw the goblin.
You peck the goblin, but do no damage.
The goblin is moderately wounded.
The bat hits your quokka but does no damage.
The bat closely misses your quokka. The bat misses your quokka.
The goblin closely misses you.
Your quokka closely misses the bat.
Your bat closely misses the bat.
You barely miss the goblin. You claw the goblin.
You kill the goblin!
Your bat hits the bat. The bat barely misses your bat.
Your quokka bites the bat.
The bat dies!
No target in view!
No target in view!
You swap places.
Items here: )) ††.
Your quokka disappears in a puff of smoke!
You see here a +2 buckler.
Your bat disappears in a puff of smoke!
A ball python comes into view.
A ball python is nearby!
A ball python is nearby!
The ball python hisses angrily.
Are you sure you want to abandon this character and quit the game? (Confirm with "yes".)

.###.# .. .# #.#
#.# #.# .# #.# #.#
#.# .# #.###.###
#.# .# #........
#.# # # #.###.###
##S##.#
#.##...#####...#.#
#[...........r...#
####...#####r@.#
##.#######.##
#.........#
###########


You could see a ball python (ally target) and 2 friendly rats.

Vanquished Creatures
  2 goblins (D:1)
  A jackal (D:1)
  A ball python (D:1)
  A rat (D:1)
5 creatures vanquished.

Vanquished Creatures (collateral kills)
  2 ball pythons (D:1)
  2 bats (D:1)
  3 endoplasms (D:1)
  2 goblins (D:1)
  A jackal (D:1)
  2 frilled lizards (D:1)
  A kobold (D:1)
  A rat (D:1)
14 creatures vanquished.

Grand Total: 19 creatures vanquished

Notes
Turn   | Place    | Note
-------+----------+-------------------------------------------
     0 | D:1      | MacCMillion the Tengu Summoner began the quest for the Orb.
     0 | D:1      | Reached XP level 1. HP: 10/10 MP: 4/4
   257 | D:1      | Reached skill level 5 in Summonings
   325 | D:1      | Reached XP level 2. HP: 15/15 MP: 3/6
   587 | D:1      | Quit the game

Illustrated notes

Levels and vault maps discovered:
D:1:      roderic_chinese_lattice_arrival, layout_loops_ring

Skill      XL: |  1 |
---------------+----+-----
Summonings     | 5 |  5.3
Dodging        | |  2.1
Stealth        | |  2.0
Spellcasting   | |  2.6

Action                     || total
---------------------------++-------
  Melee: Kick              ||     5
         Unarmed           ||     1
         Dagger            ||     7
         Peck              ||     2
   Cast: Summon Small Mamm ||    22
   Stab: Sleeping          ||     1
 Armour: Robe              ||     1
  Dodge: Dodged            ||     4

Table legend: (Time is in decaauts)
 A = Elapsed time spent in this place.
 B = Non-inter-level travel time spent in this place.
 C = Inter-level travel time spent in this place.
 D = Time resting spent in this place.
 E = Time spent auto-exploring this place.
 F = Levels seen in this place.
 G = Mean time per level.
                   A        B        C        D        E       F      G
               +--------+--------+--------+--------+--------+-----+--------+
         Total |    586 |    586 |      0 |    151 |    251 |   1 |  586.0 |
       Dungeon |    586 |    586 |      0 |    151 |    251 |   1 |  586.0 |
               +--------+--------+--------+--------+--------+-----+--------+

Top non-repeatable levels by time:
     D:1: 586 daAuts
